copetime vs a good pal

Match 15391647
End
Vickers Machine Gun Team
Construct Section Command Post
Infantry Section
Infantry Section
Vickers Machine Gun Team
Selects Indian Artillery Battlegroup
Selects Towed ML 4.2-inch Heavy Mortar
Towed ML 4.2-inch Heavy Mortar
Construct Platoon Command Post
Unlock M3 Stuart Light Tanks
Selects Valour
Selects Gurkha Rifles Section
M3 Stuart Light Tank
Gurkha Rifles Section
Construct Company Command Post
Selects Volunteer Infantry
Crusader II Medium Tank
Selects Off-map Airburst Barrage
Matilda II Heavy Tank
Selects BL5.5 Artillery Emplacement
Foot Guards Section
Royal Engineer Section
Off-map Airburst Barrage
Unlock Towed 17-pounder Anti-tank Guns
17-pounder Anti-tank Gun Team
AI Takeover
Trim
Cringe Lord
0
0

Comments sign in to comment!

No comments posted yet!